AoeStats
← Rigby231231

Arena

509830340Analyzed
1v1 RM · 5d ago on Sep 28, 2026· 42m 55s· 2 players
Game mode
Random Map
Map size
Tiny (2 player)
Population
200
Speed
Normal
Resources
Standard
Victory
Conquest
Starting age
Dark Age
Ending age
Imperial Age
RankedLock teamsTeams togetherTeam positionsShared explorationLock speedFull tech treeHidden civsTurbo modeCheats
Victory
Defeat
🇨🇴 Chinese · Colombia
344
+17
🇨🇦 Britons · Canada
369
-17
Rigby231231
1:14 Loom
13:04 Feudal Age
13:42 Double-Bit Axe
15:09 Horse Collar
15:48 Gold Mining
20:44 Castle Age
19:57 Town Watch
20:49 Wheelbarrow
22:35 Stone Mining
23:32 Squires
22:53 Pikeman
25:21 Stone Shaft Mining
25:37 Bow Saw
27:54 Padded Archer Armor
27:45 Fletching
30:02 Thumb Ring
29:19 Crossbowman
30:15 Heavy Plow
30:55 Gold Shaft Mining
33:25 Bodkin Arrow
33:45 Leather Archer Armor
36:53 Imperial Age
35:38 Ballistics
35:36 Hand Cart
35:22 Town Patrol
35:30 Arson
36:04 Forging
35:54 Scale Mail Armor
37:44 Iron Casting
38:18 Conscription
37:26 Elite Chu Ko Nu
39:08 Capped Ram
41:26 Two-Man Saw
TenseGold4853
9:19 Feudal Age
9:47 Horse Collar
10:06 Double-Bit Axe
13:03 Wheelbarrow
17:43 Scale Mail Armor
17:54 Forging
17:34 Fletching
17:45 Padded Archer Armor
21:23 Castle Age
19:24 Gold Mining
19:29 Stone Mining
21:19 Scale Barding Armor
21:05 Arson
22:23 Pikeman
23:05 Squires
23:44 Leather Archer Armor
23:25 Bodkin Arrow
23:48 Heavy Plow
24:28 Bow Saw
25:10 Chain Mail Armor
30:23 Murder Holes
31:30 Iron Casting
31:16 Chain Barding Armor
31:29 Hand Cart
31:00 Town Watch
31:01 Loom
32:06 Gold Shaft Mining
31:40 Herbal Medicine
33:34 Ballistics
37:30 Imperial Age
35:03 Town Patrol
35:21 Treadmill Crane
35:53 Masonry
35:56 Fortified Wall
35:51 Husbandry
38:50 Yeomen
38:28 Cavalier
39:41 Light Cavalry
42:46 Architecture
42:02 Arrowslits
43:19 Chemistry
41:44 Halberdier
Connection lost

Rejoining the realm…

Still unreachable

The connection could not be restored.

Session expired

The server has moved on; the page needs a fresh start.